 Dungeon Crawl Stone Soup version 0.27-a0-40-g5f2be0e231 (webtiles) character file.

Game seed: 13323533761928858809

139 tsouns the Cudgeller (level 5, 0/42 HPs)
             Began as a Mummy Gladiator on Jan 5, 2021.
             Was a Follower of Qazlal.
             Slain by Grinder (3 damage)
             ... on level 4 of the Dungeon.
             The game lasted 00:05:03 (2313 turns).

tsouns the Cudgeller (Mummy Gladiator)              Turns: 2313, Time: 00:05:04

Health: 0/42       AC:  9    Str: 17    XL:     5   Next: 1%
Magic:  5/5        EV:  7    Int:  9    God:    Qazlal [*.....]
Gold:   134        SH:  2    Dex: 13    Spells: 4/4 levels left

rFire    x . .     SeeInvis .   a - +0 flail
rCold    + . .     Faith    .   (no shield)
rNeg     + + +     Spirit   .   e - +0 chain mail
rPois    ∞         Reflect  .   c - +0 helmet
rElec    .         Harm     .   (no cloak)
rCorr    .         Rampage  .   (no gloves)
Will     .....                  (no boots)
Stlth    ..........             (no amulet)
HPRegen  0.14/turn              (no ring)
MPRegen  0.09/turn              (no ring)

@: no status effects
A: no potions, fire vulnerability, cold resistance 1, negative energy resistance
3, torment resistance, unbreathing
a: Renounce Religion


You were on level 4 of the Dungeon.
You worshipped Qazlal.
Qazlal was aware of your devotion.
You visited 1 branch of the dungeon, and saw 4 of its levels.

You collected 134 gold pieces.

Inventory:

Hand Weapons
 a - a +0 flail (weapon)
Missiles
 d - 3 throwing nets (quivered)
 m - 12 bolts
Armour
 b - a +0 leather armour
 c - a +0 helmet (worn)
 e - a +0 chain mail (worn)
Jewellery
 h - an uncursed ring of protection from cold {unknown}
 i - an uncursed ring of ice {unknown}
 o - an uncursed amulet of magic regeneration {unknown}
 p - an uncursed ring of poison resistance {unknown}
Scrolls
 f - 3 scrolls of identify {unknown}
 g - 5 scrolls of remove curse {unknown}
 j - a scroll of enchant weapon {unknown}
 k - a scroll of blinking {unknown}
 l - 2 scrolls of teleportation {unknown}
 n - a scroll of magic mapping {unknown}
 q - a scroll of immolation {unknown}
 r - a scroll of random uselessness {unknown}


   Skills:
 + Level 3.7 Fighting
 * Level 3.7 Maces & Flails
 - Level 1.5 Throwing
 - Level 2.4 Dodging
 + Level 0.6 Invocations


You had 4 spell levels left.
You didn't know any spells.
Your spell library was empty.

Dungeon Overview and Level Annotations

Branches:
Dungeon (4/15)
 Temple: D:4-7

Altars:
Qazlal
Vehumet

Annotations:
D:4 Grinder


Innate Abilities, Weirdness & Mutations

You do not drink.
Your flesh is vulnerable to fire.
You are immune to poison.
Your flesh is cold resistant. (rC+)
You are immune to negative energy. (rN+++)
You are immune to unholy pain and torment.
You can survive without breathing.


Message History

Grinder hits you but does no damage. Grinder gestures at you.
You suddenly lose the ability to move!
Grinder hits you! Grinder hits you but does no damage. Grinder hits you.
* * * LOW HITPOINT WARNING * * *
Grinder gestures at you.
You shrug off the repeated paralysis!
Grinder hits you.
* * * LOW HITPOINT WARNING * * *
You can move again.
Unknown command.
Unknown command.
Unknown command.
Unknown command.
You barely miss Grinder.
Grinder is almost dead.
Grinder hits you.
You die...

#..# #.# #..# #####
#.# # #..# #...
..###.###
#..#####.#####.......
#...............# .#
#.......#.......#B###.
##.)......####........
#)####..## #5#######
#.# #..# #@# #!# #..#
#.# #)# #..# #.#
.....# #..# #.# ######
#..# #.# #..# #.# #...
.!# #.#


You could see Grinder.

Vanquished Creatures
  A worker ant (D:4)
  4 adders
  A dart slug (D:2)
  3 leopard geckos
  7 orcs
  5 giant cockroaches
  5 goblins
  7 hobgoblins
  5 jackals
  10 kobolds
  2 quokkas
  2 ball pythons
  7 bats
  3 frilled lizards
  5 rats
67 creatures vanquished.

Notes
Turn   | Place    | Note
-------+----------+-------------------------------------------
     0 | D:1      | tsouns the Mummy Gladiator began the quest for the Orb.
     0 | D:1      | Reached XP level 1. HP: 16/16 MP: 1/1
   260 | D:1      | Reached XP level 2. HP: 23/23 MP: 2/2
   973 | D:2      | Reached XP level 3. HP: 28/28 MP: 3/3
  1321 | D:2      | Found a radiant altar of Vehumet.
  1376 | D:3      | Reached XP level 4. HP: 35/35 MP: 4/4
  1790 | D:3      | Found a faded altar of an unknown god.
  1817 | D:3      | Became a worshipper of Qazlal Stormbringer
  1817 | D:3      | Reached * piety under Qazlal
  2277 | D:4      | Noticed Grinder
  2290 | D:4      | Reached XP level 5. HP: 41/42 MP: 5/5
  2301 | D:4      | Paralysed by Grinder for 2 turns
  2307 | D:4      | Paralysed by Grinder for 6 turns
  2312 | D:4      | HP: 2/42 [Grinder (6)]
  2313 | D:4      | Slain by Grinder

Illustrated notes

Levels and vault maps discovered:
D:1:      minmay_arrival_checkered_box, layout_basic
D:2:      layout_basic, overflow_temple_1_default
D:3:      layout_basic, chequers_ecumenical_altar_island, minmay_cut_off
D:4:      layout_loops_ring, lemuel_doored_altar, amethyst_killhole,
          uniq_grinder

Skill      XL: |  1  2  3 |
---------------+----------+-----
Maces & Flails | 3 |  3.7
Fighting       | 3 |  3.7
Throwing       | |  1.5
Dodging        | |  2.4
Invocations    | |  0.6

Action                   |  1- 3 |  4- 6 || total
-------------------------+-------+-------++-------
Melee: Flail             |   143 |   106 ||   249
Armor: Chain mail        |   118 |    81 ||   199
Dodge: Dodged            |    54 |    52 ||   106
Block: Other             |       |     2 ||     2

Table legend: (Time is in decaauts)
 A = Elapsed time spent in this place.
 B = Non-inter-level travel time spent in this place.
 C = Inter-level travel time spent in this place.
 D = Time resting spent in this place.
 E = Time spent auto-exploring this place.
 F = Levels seen in this place.
 G = Mean time per level.
                   A        B        C        D        E       F      G
               +--------+--------+--------+--------+--------+-----+--------+
         Total |   2379 |   2331 |     48 |      2 |   1742 |   4 |  594.8 |
       Dungeon |   2379 |   2331 |     48 |      2 |   1742 |   4 |  594.8 |
               +--------+--------+--------+--------+--------+-----+--------+

Top non-repeatable levels by time:
     D:1: 984 daAuts
     D:3: 777 daAuts
     D:2: 391 daAuts
     D:4: 225 daAuts
